 Dungeon Crawl Stone Soup version 0.28-a0-533-g9f97627e2a (webtiles) character file.

Game seed: 1248054898398247565

281 Crimsonway the Ruffian (level 6, -1/55 HPs)
             Began as a Troll Transmuter on Sept 25, 2021.
             Slain by a gnoll (3 damage)
             ... on level 5 of the Dungeon.
             The game lasted 00:16:52 (2786 turns).

Crimsonway the Ruffian (Troll Transmuter)           Turns: 2786, Time: 00:16:52

Health: -1/55      AC:  6    Str: 21    XL:     6   Next: 6%
Magic:  6/8        EV: 14    Int:  9    God:
Gold:   149        SH:  0    Dex: 10    Spells: 8/9 levels left

rFire   + . .      SeeInvis .     - Unarmed
rCold   + . .      Faith    .   (no shield)
rNeg    + . .      Spirit   .   p - +2 robe {rN+}
rPois   +          Reflect  .   (helmet restricted)
rElec   +          Harm     .   (no cloak)
rCorr   +          Rampage  .   (gloves unavailable)
Will    .....                   (boots unavailable)
Stlth   +.........              (no amulet)
HPRegen 1.18/turn               d - +4 ring of evasion
MPRegen 0.11/turn               (no ring)

@: resistant
A: large, unfitting armour, claws 3, regeneration 1, shaggy fur 1, tough skin 1
a: no special abilities


You were on level 5 of the Dungeon.
You visited 1 branch of the dungeon, and saw 5 of its levels.

You collected 149 gold pieces.

Inventory:

Hand Weapons
 e - a +0 hand axe
 u - a +0 dagger of speed
 w - a +0 hunting sling
 A - a +1 short sword of freezing
Missiles
 f - 20 bolts
 i - 100 stones
 n - 60 arrows
Armour
 a - a +0 robe
 b - a +0 pair of boots
 k - a +0 leather armour
 p - a +2 robe of positive energy (worn)
 q - a +0 ring mail
 r - a +0 pair of gloves
 x - a +0 robe
 y - a +2 tower shield
 z - a +0 barding
Magical Staves
 m - a staff of fire
Jewellery
 d - a +4 ring of evasion (left claw)
Wands
 o - a wand of mindburst (11)
Scrolls
 g - a scroll of enchant armour {unknown}
 j - 3 scrolls of magic mapping {unknown}
 l - a scroll of torment {unknown}
 t - a scroll of blinking {unknown}
 v - a scroll of amnesia {unknown}
Potions
 c - 2 potions of haste {unknown}
 s - 2 potions of ambrosia {unknown}


   Skills:
 + Level 1.1 Fighting
 + Level 1.0 Short Blades
 + Level 1.0 Staves
 + Level 2.6 Dodging
 + Level 0.6 Stealth
 + Level 0.1 Shields
 + Level 4.1 Unarmed Combat
 + Level 2.0 Spellcasting
 + Level 2.2 Transmutations


You had 8 spell levels left.
You knew the following spells:

 Your Spells              Type           Power      Damage    Failure   Level
a - Beastly Appendage     Tmut           8%         N/A       13%         1

Your spell library contained the following spells:

 Spells                   Type           Power      Damage    Failure   Level
 Wereblood                Tmut           4%         N/A       21%         2
 Foxfire                  Conj/Fire      0%         2x1d4     32%         1
 Blink                    Tloc           N/A        N/A       45%         2
 Spider Form              Tmut/Pois      1%         N/A       54%         3
 Portal Projectile        Hex/Tloc       0%         N/A       69%         3
 Teleport Other           Tloc           0%         N/A       69%         3
 Ice Form                 Ice/Tmut       2%         N/A       91%         4
 Borgnjor's Vile Clutch   Necr/Erth      0%         N/A       100%        5
 Excruciating Wounds      Necr           0%         N/A       100%        5
 Infestation              Necr           0%         N/A       100%        8


Dungeon Overview and Level Annotations

Branches:
Dungeon (5/15)
 Temple: D:4-7

Altars:


Innate Abilities, Weirdness & Mutations

You are too large for most types of armour.
You have claws for hands.
Your natural rate of healing is unusually fast.
You are covered in fur. (AC +1)
You have tough skin. (AC +1)


Message History

You are too injured to fight recklessly!
You are too injured to fight recklessly!
You are too injured to fight recklessly!
The gnoll hits you from afar with a +0 spear.
The adder closely misses you.
You miss the adder. The adder bites you but does no damage.
The gnoll barely misses you. The gnoll hits you but does no damage.
You barely miss the adder. The adder bites you.
You are poisoned.
The adder poisons you! The gnoll misses you. x2
The adder bites you but does no damage.
You scratch the adder but do no damage. You headbutt the adder.
Your claw misses the adder.
The adder is lightly wounded.
You feel sick. The gnoll misses you.
The gnoll hits you from afar with a +2 vampiric halberd.
The adder misses you.
You closely miss the adder. You claw the adder.
The adder is heavily wounded.
You feel sick. The adder barely misses you.
The gnoll hits you from afar with a +2 vampiric halberd!
* * * LOW HITPOINT WARNING * * *
The gnoll completely misses you.
You closely miss the adder.
The adder is heavily wounded.
You feel sick. The adder barely misses you. The gnoll barely misses you. x2
You scratch the adder but do no damage. Your kick misses the adder.
You headbutt the adder.
You kill the adder!
Your horns disappear.
Your talons disappear.
You feel sick. The gnoll misses you. The gnoll barely misses you.
You feel sick.
You are no longer poisoned.
The gnoll hits you from afar with a +2 vampiric halberd!
* * * LOW HITPOINT WARNING * * *
It was a potion of resistance.
You feel protected. The gnoll closely misses you.
The gnoll hits you from afar with a +0 spear.
You die...

## ..# #..#
#..###
#....
#...##
#...##
#.@.##
##.)g#
##g).......
##........
.....>...
.........
..........
..........
#.........:


You could see 2 gnolls.

Vanquished Creatures
  A phantom (D:4)
  A hound (D:4)
  A jelly (D:5)
  An iguana (D:4)
  5 adders
  2 gnolls (D:5)
  A dart slug (D:3)
  3 orcs (D:4)
  2 bats
  5 endoplasms
  A giant cockroach (D:2)
  3 goblins (D:1)
  5 hobgoblins
  3 jackals (D:1)
  3 kobolds
  4 quokkas
  7 ball pythons
  3 frilled lizards (D:2)
  5 rats
56 creatures vanquished.

Notes
Turn   | Place    | Note
-------+----------+-------------------------------------------
     0 | D:1      | Crimsonway the Troll Transmuter began the quest for the
                  | Orb.
     0 | D:1      | Reached XP level 1. HP: 18/18 MP: 1/1
   203 | D:1      | Reached XP level 2. HP: 26/26 MP: 2/2
   402 | D:2      | Reached XP level 3. HP: 31/32 MP: 4/4
   874 | D:2      | Reached skill level 4 in Unarmed Combat
  1037 | D:3      | Reached XP level 4. HP: 40/40 MP: 2/5
  1281 | D:3      | Got the Guide on Necromancy and the Arsonist
  2168 | D:4      | Reached skill level 1 in Fighting
  2195 | D:4      | Noticed a phantom
  2215 | D:4      | Killed a phantom
  2216 | D:4      | Reached XP level 5. HP: 39/48 MP: 6/6
  2351 | D:4      | Reached skill level 1 in Staves
  2717 | D:4      | Got Rutej's Volume of Dislocation
  2771 | D:5      | Entered Level 5 of the Dungeon
  2777 | D:5      | Reached skill level 1 in Short Blades
  2777 | D:5      | Reached XP level 6. HP: 29/55 MP: 5/8
  2785 | D:5      | HP: 1/55 [gnoll (8)]
  2786 | D:5      | Slain by a gnoll

Illustrated notes

Levels and vault maps discovered:
D:1:      nzn_arrival_crosshair, layout_basic
D:2:      layout_basic
D:3:      layout_basic
D:4:      layout_layer_cave
D:5:      layout_cave_pods, lightli_temple_of_fire, kennysheep_mini_moat,
          jmf_multi_god_temple

Skill      XL: |  1  2  3  4  5 |
---------------+----------------+-----
Dodging        | 2 |  2.6
Unarmed Combat | 4 |  4.1
Fighting       | 1 |  1.1
Transmutations | 2 |  2.2
Staves         | 1 |  1.0
Short Blades   | 1 |  1.0
Spellcasting   | 2 |  2.0
Stealth        | |  0.6
Shields        | |  0.1

Action                   |  1- 3 |  4- 6 || total
-------------------------+-------+-------++-------
Melee: Unarmed           |    57 |    11 ||    68
       Staff             |    64 |    36 ||   100
       Kick              |     7 |     9 ||    16
       Headbutt          |     2 |     9 ||    11
       Dagger            |       |    56 ||    56
 Cast: Beastly Appendage |    10 |     8 ||    18
  Use: Potion            |       |     1 ||     1
 Stab: Sleeping          |     1 |       ||     1
Armor: Robe              |    34 |    30 ||    64
Dodge: Dodged            |   111 |    77 ||   188
Block: Tower shield      |       |    16 ||    16

Table legend: (Time is in decaauts)
 A = Elapsed time spent in this place.
 B = Non-inter-level travel time spent in this place.
 C = Inter-level travel time spent in this place.
 D = Time resting spent in this place.
 E = Time spent auto-exploring this place.
 F = Levels seen in this place.
 G = Mean time per level.
                   A        B        C        D        E       F      G
               +--------+--------+--------+--------+--------+-----+--------+
         Total |   2789 |   2615 |    174 |      0 |      0 |   5 |  557.8 |
       Dungeon |   2789 |   2615 |    174 |      0 |      0 |   5 |  557.8 |
               +--------+--------+--------+--------+--------+-----+--------+

Top non-repeatable levels by time:
     D:3: 1216 daAuts
     D:4: 607 daAuts
     D:2: 579 daAuts
     D:1: 371 daAuts
     D:5: 14 daAuts
